Map: Amphion LE

Players

Nyck

  • Race: Terran Terran
  • League: Silver
  • Spawn Location: 11:00

popoboss - Winner!

  • Race: Zerg Zerg
  • League: Gold
  • Spawn Location: 7:00

VOD

Have the link to the VOD?

Description

Time

  • Played on: Oct. 9, 2024, 4:03 p.m.
  • Length: 26:08
Show
View Real Time Build Order
Export as new Build Order

Nyck Terran 

Build Orders: Reaper Expand 

Get SALT Encoding   

  12  0:00  SCV  
  13  0:13  SCV  
  14  0:18  Supply Depot  
  14  0:27  SCV  
  15  0:40  SCV  
  15  0:42  Barracks  
  16  0:48  Refinery  
  16  0:52  SCV  
  17  1:04  SCV  
  18  1:16  SCV  
  19  1:31  Supply Depot, Reaper  
  20  1:37  Orbital Command  
  20  1:50  Command Center  
  20  2:05  Reaper  
  21  2:08  SCV  
  21  2:12  Refinery  
  22  2:21  SCV  
  23  2:43  SCV  
  24  2:44  Reaper  
  25  2:56  SCV  
  26  3:16  Marine  
  26  3:17  SCV  
  28  3:29  Orbital Command  
  28  3:34  Reaper, Factory  
  29  3:42  SCV  
  30  3:50  Command Center  
  30  4:12  SCV  
  30  4:15  Orbital Command  
  31  4:21  Starport  
  31  4:22  Starport, Factory Tech Lab  
  31  4:26  Marine  
  29  5:14  Reaper  
  30  5:15  SCV x2  
  32  5:21  Orbital Command  
  32  5:27  SCV x2  
  34  5:30  Medivac  
  36  5:36  Command Center  
  36  5:39  SCV x2  
  38  5:48  Cloaking Field  
  38  5:51  SCV x2  
  38  5:52  Banshee  
  38  5:54  Orbital Command  
  43  6:03  Starport Tech Lab  
  43  6:06  Engineering Bay  
  43  6:09  SCV x2, Engineering Bay  
  45  6:13  Refinery  
  45  6:15  Refinery  
  45  6:21  SCV x2  
  45  6:22  SCV  
  48  6:27  Banshee  
  51  6:33  Terran Infantry Weapons Level 1  
  51  6:35  Armory  
  51  6:37  Terran Infantry Armor Level 1, Armory  
  51  6:38  SCV x3  
  54  6:48  Orbital Command  
  54  6:50  SCV x3  
  57  7:02  SCV x3  
  63  7:14  SCV x3  
  66  7:17  Viking  
  66  7:18  Viking  
  67  7:30  Orbital Command  
  67  7:31  SCV x3  
  67  7:36  Terran Vehicle And Ship Armor Level 1  
  70  7:37  Terran Vehicle Weapons Level 1  
  70  7:40  Supply Depot  
  70  7:41  Supply Depot x2  
  70  7:42  Supply Depot  
  70  7:44  Supply Depot  
  70  7:47  Viking  
  70  7:48  Viking  
  74  8:17  Viking  
  74  8:18  Viking  
  78  8:47  Viking x2  
  79  8:50  SCV x3  
  79  8:58  Marine  
  79  8:59  Terran Infantry Armor Level 2, Terran Infantry Weapons Level 2  
  79  9:01  Supply Depot  
  80  9:03  Barracks  
  80  9:07  Barracks  
  80  9:12  Barracks  
  80  9:13  Barracks  
  80  9:15  Barracks  
  79  9:17  Barracks, Viking x2  
  80  9:19  SCV x4  
  80  9:22  Refinery  
  88  9:24  Refinery  
  88  9:31  SCV x4  
  89  9:32  Refinery  
  89  9:35  Refinery  
  92  9:43  SCV x3  
  92  9:44  Barracks Tech Lab  
  95  9:50  SCV  
  96  9:55  SCV x3  
  96  9:59  Barracks Reactor  
  99  10:00  Barracks Reactor x2  
  99  10:02  SCV  
  100  10:11  SCV x2  
  100  10:12  SCV  
  103  10:19  Terran Vehicle And Ship Armor Level 2  
  103  10:21  Terran Ship Weapons Level 1, Barracks Reactor  
  103  10:25  SCV x3  
  106  10:44  SCV x4  
  106  10:47  Viking x2  
  106  10:49  Marine x3  
  116  10:50  Marine x2  
  116  10:51  Marine  
  116  10:55  Combat Shield  
  120  11:06  Supply Depot  
  120  11:07  Barracks Reactor x2  
  120  11:17  Medivac x2  
  120  11:18  SCV x3  
  127  11:19  Supply Depot  
  127  11:22  Supply Depot, Terran Infantry Armor Level 3, Terran Infantry Weapons Level 3  
  127  11:24  Marine x5  
  132  11:37  SCV x4  
  132  11:39  Command Center  
  136  11:44  Supply Depot  
  136  11:45  Supply Depot, Marine  
  136  11:46  Marine x12  
  136  11:47  Medivac x2  
  151  11:49  SCV x4  
  157  12:01  SCV x4  
  158  12:03  Marine  
  158  12:04  Marine x2  
  158  12:05  Marine x8  
  158  12:06  Marine x2  
  174  12:09  Supply Depot x2  
  174  12:16  Medivac  
  174  12:17  Medivac  
  174  12:21  Marine x2  
  180  12:27  Marine x2  
  180  12:29  Marine x2  
  180  12:31  Marine x7  
  185  12:39  Marine x2  
  185  12:45  Marine x2  
  185  12:46  Medivac  
  185  12:47  Marine x2, Medivac  
  185  12:48  Marine x3  
  185  12:49  Marine  
  185  12:50  Marine x2  
  185  12:51  Marine  
  197  12:56  Marine  
  197  12:57  Marine  
  193  13:03  Marine  
  193  13:05  Marine x2  
  159  13:33  Marine x9, Medivac x2  
  159  13:34  Supply Depot, Marine x3  
  175  13:47  Orbital Command  
  175  13:50  Command Center  
  175  13:51  Marine x12  
  187  13:56  SCV x3  
  187  13:58  Supply Depot  
  190  14:03  Medivac x2  
  190  14:08  Terran Vehicle And Ship Armor Level 3, Terran Ship Weapons Level 2, Marine x2  
  196  14:16  Marine x4  
  200  14:20  Supply Depot  
  200  14:45  Orbital Command  
  200  14:49  Barracks  
  130  15:28  Marine x11  
  127  15:44  SCV x3  
  127  15:45  Marine  
  127  15:46  Marine x10  
  119  16:03  Marine  
  119  16:04  Marine x8  
  118  16:06  Marine  
  100  16:21  Marine  
  100  16:22  SCV x2, Marine x3  
  100  16:23  SCV x2, Marine  
  100  16:24  Marine x3  
  113  16:28  Barracks Tech Lab  
  112  16:39  Marine x4  
  113  16:41  Marine x3  
  113  16:42  Marine  
  113  16:44  SCV  
  113  16:45  Terran Ship Weapons Level 3  
  121  16:56  Starport  
  121  16:57  SCV, Marine x4  
  121  16:59  Marine x4, Starport  
  130  17:05  Terran Vehicle Weapons Level 2  
  130  17:09  SCV  
  130  17:14  Fusion Core, Marine  
  130  17:15  Marine x3  
  133  17:17  Marine x4  
  133  17:18  Refinery  
  133  17:21  SCV  
  138  17:33  SCV  
  137  17:38  Starport  
  137  17:48  Starport Tech Lab, Command Center  
  137  17:51  Starport Tech Lab  
  137  17:58  Starport Tech Lab  
  137  18:00  Marine x9  
  137  18:03  Starport Tech Lab  
  137  18:04  Neosteel Armor  
  146  18:10  Battlecruiser  
  152  18:13  Battlecruiser  
  152  18:17  Marine  
  152  18:18  SCV x4, Marine x8  
  171  18:23  Refinery  
  171  18:26  Refinery  
  171  18:30  SCV  
  172  18:35  Marine  
  172  18:36  Marine x8  
  172  18:41  SCV x3  
  184  18:43  SCV, Battlecruiser  
  184  18:47  Battlecruiser  
  184  18:48  Starport Tech Lab  
  197  18:55  Marine  
  196  18:57  SCV, Marine x8  
  143  19:09  SCV  
  135  19:14  Marine  
  122  19:25  Marine x2  
  122  19:26  Marine x6  
  130  19:32  Marine  
  128  19:44  Hi-Sec Auto Tracking  
  128  19:55  Battlecruiser  
  128  19:57  Command Center  
  128  19:59  Barracks Tech Lab  
  134  20:02  Terran Vehicle Weapons Level 3  
  134  20:10  Starport Tech Lab x2  
  134  20:11  Starport Tech Lab  
  134  20:20  Marine x9  
  143  20:37  Marine  
  143  20:38  Marine x8  
  152  20:55  Marine  
  152  20:56  Marine x8  
  143  21:09  SCV x4  
  147  21:13  Marine  
  147  21:14  Marine x8  
  147  21:16  Planetary Fortress  
  156  21:31  Marine  
  156  21:32  Marine x6  
  157  21:48  Marine x2  
  157  21:49  Marine  
  159  22:01  Orbital Command  
  159  22:18  Marine  
  159  22:19  Marine x8  
  168  22:25  SCV  
  168  22:26  SCV x2  
  171  22:36  Marine  
  171  22:37  Marine x8  
  172  22:40  Factory  
  180  22:48  Factory Tech Lab  
  180  23:03  Marine x2  
  180  23:04  Marine x2  
  180  23:05  Marine  
  180  23:06  Marine x3  
  180  23:07  Marine  
  161  23:20  Marine  
  161  23:21  Marine  
  161  23:22  Marine  
  161  23:23  Marine  
  153  23:32  Marine  
  153  23:33  Marine x4  
  143  23:38  Marine  
  143  23:39  Marine  
  143  23:40  Marine  
  143  23:41  Marine  
  131  23:49  Thor  
  131  23:50  Factory Tech Lab  
  137  23:56  Viking  
  137  23:57  Viking x3  
  137  23:59  Marine  
  137  24:00  Marine x4  
  137  24:01  Marine  
  151  24:09  Thor  
  149  24:19  Marine x2  
  149  24:20  Marine x3  
  149  24:21  Marine x2  
  152  24:26  Viking  
  152  24:27  Viking x3  
  148  24:31  Thor  
  135  24:55  Viking  
  135  24:57  Viking x3  
  116  25:07  SCV x3, Marine  
  116  25:08  Marine  
Show
View Real Time Build Order
Export as new Build Order

popoboss Zerg - Winner!

Build Orders: Hatch First 

Get SALT Encoding   

  12  0:12  Overlord  
  12  0:16  Drone  
  12  0:18  Drone  
  14  0:31  Drone  
  14  0:34  Drone  
  16  0:45  Drone  
  17  0:59  Drone  
  18  1:06  Drone  
  18  1:10  Hatchery  
  18  1:13  Extractor  
  17  1:25  Drone  
  18  1:28  Drone  
  19  1:33  Spawning Pool  
  19  1:38  Drone  
  19  1:49  Drone  
  20  2:03  Drone  
  21  2:10  Drone  
  21  2:12  Hatchery  
  21  2:25  Queen  
  22  2:46  Drone x4  
  22  2:48  Zergling x2  
  26  2:53  Zergling x2  
  27  3:00  Zergling x2  
  28  3:14  Metabolic Boost  
  28  3:16  Overlord x2  
  27  3:24  Spine Crawler  
  26  3:31  Queen  
  27  3:35  Drone  
  27  3:40  Drone  
  27  3:41  Drone  
  30  3:44  Drone  
  30  3:48  Drone  
  32  3:51  Drone  
  32  3:54  Drone  
  34  3:58  Drone  
  35  4:06  Lair  
  35  4:09  Extractor  
  34  4:14  Baneling Nest  
  34  4:15  Drone  
  35  4:17  Drone  
  35  4:22  Drone x2  
  35  4:23  Drone  
  38  4:26  Drone  
  38  4:28  Drone  
  38  4:31  Drone  
  41  4:36  Zergling x4  
  41  4:37  Zergling x2  
  43  4:39  Zergling x2  
  43  4:41  Zergling x2  
  44  4:50  Zergling x6  
  44  4:51  Zergling x4  
  46  5:08  Drone  
  46  5:09  Drone x2  
  49  5:20  Spore Crawler, Overlord  
  49  5:21  Overlord x2  
  48  5:30  Centrifugal Hooks, Queen  
  48  5:31  Spire  
  49  5:38  Queen  
  49  5:39  Drone x5  
  49  5:40  Drone  
  49  5:42  Drone  
  58  5:43  Drone  
  58  5:46  Drone  
  58  5:48  Drone  
  61  5:51  Drone x2  
  61  5:53  Drone  
  61  5:55  Drone  
  65  6:04  Extractor  
  65  6:07  Extractor  
  63  6:13  Evolution Chamber  
  63  6:14  Drone x4  
  63  6:15  Drone  
  63  6:16  Evolution Chamber  
  63  6:17  Drone  
  67  6:25  Hatchery  
  66  6:31  Drone x3  
  69  6:33  Baneling x4  
  69  6:34  Baneling x7  
  69  6:35  Baneling  
  69  6:43  Drone x2  
  69  6:44  Drone x2  
  69  6:46  Overlord  
  73  6:50  Zerg Melee Weapons Level 1  
  73  7:01  Zerg Ground Armor Level 1  
  73  7:04  Overlord x2  
  73  7:05  Overlord x3  
  73  7:13  Extractor  
  73  7:14  Drone  
  73  7:15  Drone x3, Extractor  
  75  7:27  Drone x2  
  75  7:28  Drone x3  
  80  7:42  Overlord x2  
  80  7:43  Zergling x8  
  80  7:44  Zergling x2  
  85  7:49  Zerg Flyer Weapons Level 1  
  84  8:06  Corruptor x3  
  84  8:07  Corruptor x2  
  87  8:15  Spore Crawler  
  87  8:18  Hatchery  
  87  8:19  Overseer  
  83  8:21  Corruptor  
  83  8:24  Hatchery  
  76  8:31  Corruptor  
  72  8:44  Zerg Missile Weapons Level 1  
  70  8:51  Drone x6  
  70  8:52  Drone x6  
  70  8:53  Drone x5  
  87  8:56  Queen  
  87  8:57  Queen  
  91  9:09  Overseer  
  91  9:10  Overseer  
  91  9:18  Drone x2  
  91  9:21  Baneling x7  
  91  9:23  Overlord x5  
  93  9:24  Overlord  
  93  9:26  Overlord  
  93  9:27  Spore Crawler  
  92  9:32  Pneumatized Carapace  
  92  9:43  Drone x5, Zerg Flyer Armor Level 1  
  92  9:44  Drone x6  
  103  9:46  Queen  
  103  9:48  Drone x3  
  103  9:49  Drone  
  103  9:50  Drone  
  103  9:52  Drone  
  111  9:59  Drone x6  
  117  10:01  Drone  
  117  10:02  Drone  
  117  10:04  Drone  
  120  10:11  Extractor  
  120  10:13  Extractor  
  118  10:18  Drone x3  
  118  10:19  Drone  
  122  10:24  Drone x4  
  122  10:25  Drone x6  
  132  10:28  Queen, Extractor  
  133  10:38  Drone x6  
  133  10:39  Extractor  
  138  10:54  Zergling x6  
  138  10:55  Zergling x14  
  138  10:56  Zergling x6  
  151  11:01  Zerg Melee Weapons Level 2, Infestation Pit  
  151  11:03  Zerg Ground Armor Level 2  
  150  11:10  Zergling x2  
  150  11:11  Zergling x12  
  155  11:12  Hydralisk Den  
  155  11:13  Zergling x8  
  155  11:14  Zergling x2  
  161  11:26  Zergling x10  
  161  11:27  Zergling x10  
  171  11:35  Zergling x8  
  171  11:36  Zergling x2  
  171  11:37  Zergling x2  
  171  11:39  Baneling x4  
  177  11:40  Baneling x6  
  177  11:41  Baneling x6  
  177  11:42  Baneling x6  
  177  11:43  Baneling x6  
  177  11:44  Baneling x5  
  177  11:45  Baneling x2, Zergling x2  
  177  11:46  Zergling x8  
  182  11:47  Zergling x2  
  183  12:00  Drone x3  
  185  12:11  Zergling x12  
  185  12:12  Zergling x12  
  185  12:13  Hatchery, Zergling x6  
  197  12:31  Overlord x4  
  189  12:39  Corruptor x2  
  189  12:40  Corruptor x2  
  189  12:42  Corruptor  
  182  13:17  Zerg Missile Weapons Level 2  
  152  13:23  Zergling x12  
  152  13:24  Zergling x12  
  152  13:25  Zergling x12  
  152  13:26  Zergling x12  
  152  13:27  Zergling x4  
  146  13:35  Hive  
  146  13:37  Zerg Flyer Weapons Level 2  
  146  13:39  Neural Parasite  
  146  13:40  Grooved Spines  
  146  13:42  Zergling x4  
  146  13:43  Zergling x14  
  146  13:44  Zergling x2  
  156  13:51  Zergling x6  
  156  13:52  Zergling x10  
  164  13:56  Zergling x4  
  166  14:06  Zergling x12  
  166  14:07  Zergling x12  
  166  14:08  Zergling x2  
  166  14:09  Zergling x2  
  180  14:10  Hatchery  
  180  14:16  Zergling x8  
  183  14:17  Zergling x4  
  183  14:18  Zergling x4  
  183  14:19  Overlord  
  187  14:27  Zergling x8  
  187  14:31  Zergling x8, Muscular Augments  
  193  14:32  Zergling x2, Overlord  
  196  14:39  Baneling x4  
  196  14:40  Baneling x6  
  196  14:41  Baneling x7  
  196  14:42  Baneling x5  
  196  14:43  Baneling x7  
  196  14:44  Baneling x5  
  196  14:45  Baneling x6  
  195  14:46  Baneling x6  
  195  14:47  Baneling x6  
  195  14:48  Baneling x6  
  195  14:49  Baneling x6  
  195  14:50  Baneling x6  
  195  14:51  Baneling x6  
  195  14:52  Baneling x5  
  190  14:53  Baneling x6  
  190  14:54  Baneling x6  
  190  14:55  Baneling x5  
  190  14:56  Baneling x6  
  190  14:57  Baneling x3  
  146  15:12  Corruptor  
  146  15:13  Corruptor x6  
  146  15:14  Corruptor x3  
  140  15:17  Zergling x2  
  140  15:18  Zergling x12  
  140  15:19  Zergling x12  
  140  15:20  Zergling x2  
  160  15:26  Overlord x5  
  160  15:27  Overlord  
  158  15:40  Overlord x5  
  158  15:41  Overlord x2  
  148  15:53  Zerg Flyer Armor Level 2  
  127  16:14  Corruptor x5  
  127  16:15  Corruptor x5  
  127  16:17  Zergling x8  
  127  16:18  Zergling x12  
  151  16:19  Zergling x12  
  151  16:20  Zergling x6  
  161  16:28  Queen  
  161  16:29  Extractor  
  162  16:33  Extractor  
  161  16:59  Zergling x4  
  161  17:00  Zergling x14  
  161  17:01  Zergling x12  
  173  17:02  Zergling x12  
  173  17:03  Hatchery, Zergling x4  
  183  17:13  Zergling x8  
  183  17:14  Zergling x10  
  192  17:16  Zergling x2  
  192  17:33  Zergling x4  
  192  17:34  Zergling x12  
  192  17:35  Hatchery, Zergling x2  
  198  17:40  Zergling x2  
  199  17:46  Baneling x3  
  199  17:47  Baneling x6  
  199  17:48  Baneling x6  
  199  17:49  Baneling x6  
  199  17:50  Baneling x6  
  199  17:51  Baneling x6  
  199  17:52  Baneling x6  
  199  17:53  Baneling x6  
  199  17:54  Baneling x6  
  199  17:55  Baneling x5  
  199  17:56  Baneling x6  
  199  17:57  Baneling  
  199  17:58  Baneling  
  199  17:59  Baneling  
  199  18:11  Adrenal Glands  
  199  18:30  Drone  
  200  18:51  Greater Spire  
  200  18:54  Zerg Melee Weapons Level 3  
  194  19:01  Zerg Ground Armor Level 3  
  145  19:24  Drone x5  
  145  19:25  Drone x3  
  145  19:28  Drone x6  
  145  19:29  Drone x4  
  157  19:34  Extractor  
  157  19:35  Queen  
  157  19:37  Queen  
  153  19:40  Extractor  
  153  19:42  Drone  
  153  19:43  Drone  
  153  19:44  Extractor  
  150  19:50  Drone  
  150  19:52  Drone x2  
  149  20:02  Drone  
  149  20:05  Drone x2  
  149  20:06  Drone  
  153  20:12  Corruptor x2  
  153  20:13  Corruptor x6  
  153  20:14  Corruptor x5  
  163  21:03  Brood Lord x6  
  163  21:04  Brood Lord  
  177  21:08  Overseer x2  
  177  21:23  Brood Lord x2  
  181  21:27  Brood Lord  
  181  21:31  Zerg Missile Weapons Level 3  
  183  21:34  Brood Lord  
  185  22:01  Brood Lord x2  
  185  22:02  Brood Lord x2  
  193  22:25  Drone x3  
  196  22:45  Zergling x2  
  196  22:46  Zergling x6  
  186  23:09  Brood Lord x3  
  186  23:10  Brood Lord x5  
  182  23:33  Corruptor  
  182  23:34  Corruptor x6  
  176  23:35  Corruptor x3  
  194  24:22  Hatchery, Corruptor x3  
  181  25:03  Corruptor x6  
  181  25:04  Corruptor x4  
  181  25:05  Corruptor  
  197  25:12  Corruptor x5  
  189  25:29  Corruptor x4  
  153  25:58  Extractor  
Tags
 
Add a new tag
Caveats
  • Supply blocks, unpowered buildings, or Contaminate may cause inaccurate times.
  • Supply counts are checked every 10 seconds.